 Dungeon Crawl Stone Soup version 0.18.1-48-g4cf74bf (webtiles) character file.

99 Alarkh the Poker (level 4, 0/33 HPs)
             Began as a Mummy Skald on July 31, 2016.
             Slain by a gnoll (1 damage)
             ... on level 3 of the Dungeon.
             The game lasted 00:02:26 (2156 turns).

Alarkh the Poker (Mummy Skald)                      Turns: 2156, Time: 00:02:27

Health: 0/33       AC:  3    Str: 15    XL:     4   Next: 45%
Magic:  4/7        EV: 11    Int: 12    God:
Gold:   172        SH:  0    Dex: 11    Spells: 3 memorised, 1 level left

rFire  x . .     SeeInvis .     f - +0 spear (curse)
rCold  + . .     Gourm    .     b - +0 leather armour
rNeg   + + +     Faith    .     (no shield)
rPois  ∞         Spirit   .     (no helmet)
rElec  .         Dismiss  .     (no cloak)
rCorr  .         Reflect  .     (no gloves)
SustAt .         Harm     .     (no boots)
MR     .....                    d - amulet of magic regeneration
Stlth  +.........               (no ring)
                                (no ring)

@: very slightly contaminated, not resistant to hostile enchantments, very
unstealthy
A: no food or potions, fire vulnerability, cold resistance 1, negative energy
resistance 3, torment resistance, unbreathing
a: no special abilities


You were on level 3 of the Dungeon.
You were not hungry.

You visited 1 branch of the dungeon, and saw 3 of its levels.

You collected 172 gold pieces.

Inventory:

Hand Weapons
 a - a +0 spear
 f - a cursed +0 spear (weapon)
Armour
 b - a +0 leather armour (worn)
Jewellery
 d - an amulet of magic regeneration (around neck)
Wands
 l - a wand of iceblast (6/15)
Scrolls
 e - 2 scrolls of identify {unknown}
 g - 3 scrolls of teleportation {unknown}
 h - a scroll of remove curse {unknown}
 i - a scroll of fog {unknown}
 j - a scroll of immolation {unknown}
 k - a scroll of random uselessness {unknown}
Books
 c - a book of Battle

   Spells                             Type                      Level
   a - Infusion                       Charms                       1
   b - Shroud of Golubria             Charms/Translocation         2
   c - Song of Slaying                Charms                       2
   d - Spectral Weapon                Hexes/Charms                 3
   e - Regeneration                   Charms/Necromancy            3


   Skills:
 - Level 2.0 Fighting
 + Level 3.9 Polearms
 - Level 0.7 Armour
 - Level 0.7 Dodging
 - Level 2.0 Spellcasting
 - Level 2.4 Charms


You had one spell level left.
You knew the following spells:

 Your Spells              Type           Power        Failure   Level  Hunger
a - Infusion              Chrm           #...         14%         1    N/A
b - Shroud of Golubria    Chrm/Tloc      #.........   34%         2    N/A
c - Spectral Weapon       Hex/Chrm       #.......     69%         3    N/A

Dungeon Overview and Level Annotations

Branches:
Dungeon (3/15)

Altars:
The Shining One


Innate Abilities, Weirdness & Mutations

You do not eat or drink.
Your flesh is vulnerable to fire.
You are immune to poison.
Your flesh is cold resistant.
You are immune to negative energy.
You are immune to unholy pain and torment.
You can survive without breathing.


Message History

The gnoll hits you.
You are too injured to fight recklessly!
You are too injured to fight recklessly!
You closely miss the gnoll.
The gnoll is heavily wounded.
The gnoll hits you!
* * * LOW HITPOINT WARNING * * *
You are no longer magically infusing your attacks.
Your magical contamination has completely faded away.
There is a stone staircase leading down here.
The gnoll hits you.
* * * LOW HITPOINT WARNING * * *
You climb downwards.
There is a stone staircase leading up here.
Casting: Infusion
Confirm with . or Enter, or press ? or * to list all spells.
You miscast Shroud of Golubria.
You are very lightly contaminated with residual magic.
Nothing appears to happen.
The gnoll hits you.
You die...

..##.#.# #.##.........#
#.# # ####.#.#
#.##.##.####.# #.#### #
#.#.# #.##.##.# #.#
#..... ####.#.#
######>##.# #.#######.
.......#
#..!.%....####.........
####.#.#
######.##.......######.
.......# #)#######.##
#. ####.### #g# #(# ##
#.# #@# #.# #.# #.# #.#
#.# #.# #.# #.# #.# #.#
### #.# ### ###


You could see a gnoll.

Vanquished Creatures
  2 adders (D:3)
  A gnoll (D:2)
  An ooze (D:1)
  A worm (D:2)
  A dart slug (D:1)
  5 giant geckos
  3 orcs (D:3)
  3 giant cockroaches
  2 goblins (D:3)
  8 hobgoblins
  4 jackals (D:3)
  7 kobolds
  5 bats
  2 giant newts
  7 rats
52 creatures vanquished.

Notes
Turn   | Place    | Note
--------------------------------------------------------------
     0 | D:1      | Alarkh the Mummy Skald began the quest for the Orb.
     0 | D:1      | Reached XP level 1. HP: 16/16 MP: 3/3
    22 | D:1      | Reached skill level 2 in Polearms
   377 | D:1      | Reached XP level 2. HP: 22/22 MP: 1/5
   928 | D:2      | Reached XP level 3. HP: 26/27 MP: 3/6
   956 | D:2      | Reached skill level 3 in Polearms
  1515 | D:3      | Found a glowing golden altar of the Shining One.
  1557 | D:3      | Reached XP level 4. HP: 32/33 MP: 1/7
  1867 | D:3      | Learned a level 2 spell: Shroud of Golubria
  1871 | D:3      | Learned a level 3 spell: Spectral Weapon
  2154 | D:2      | HP: 1/33 [gnoll (5)]
  2156 | D:3      | Slain by a gnoll

Skill      XL: |  1  2  3 |
---------------+----------+-----
Polearms       | 2 3 |  3.9
Fighting       | |  2.0
Armour         | |  0.7
Dodging        | |  0.7
Spellcasting   | |  2.0
Charms         | |  2.4

Action                   |  1- 3 |  4- 6 || total
-------------------------+-------+-------++-------
Melee: Spear             |   124 |    41 ||   165
 Cast: Infusion          |    18 |     7 ||    25
 Stab: Sleeping          |     1 |       ||     1
Armor: Leather armour    |    25 |     1 ||    26
Dodge: Dodged            |    47 |    26 ||    73
